 Dungeon Crawl Stone Soup version 0.27-a0-40-g5f2be0e231 (webtiles) character file.

Game seed: 4238431042856213474

329 Conn the Sneak (level 6, -6/38 HPs)
             Began as an Octopode Fire Elementalist on Jan 5, 2021.
             Killed by nerve-wracking pain
             ... invoked by Grinder
              (7 damage)
             ... on level 3 of the Dungeon.
             The game lasted 00:13:46 (2873 turns).

Conn the Sneak (Octopode Fire Elementalist)         Turns: 2873, Time: 00:13:50

Health: -6/38      AC:  3    Str:  6 (7)  XL:     6   Next: 50%
Magic:  10/10      EV: 13    Int: 19 (20) God:
Gold:   230        SH:  5    Dex: 12      Spells: 1/10 levels left

rFire    . . .     SeeInvis .   i - +3 mace (protect)
rCold    . . .     Faith    .   (no shield)
rNeg     . . .     Spirit   .   (helmet restricted)
rPois    .         Reflect  +   n - amulet of reflection
rElec    .         Harm     .   d - ring of stealth
rCorr    .         Rampage  .   (no ring)
Will     .....                  (no ring)
Stlth    +++++.....             (no ring)
HPRegen  0.12/turn              (no ring)
MPRegen  0.12/turn              (no ring)
                                (no ring)
                                (no ring)

@: no status effects
A: almost no armour, stealthy swim, amphibious, 8 rings, constrict 8, thin
metallic scales 1, camouflage 1, deterioration 1, gelatinous body 1
a: no special abilities


You were on level 3 of the Dungeon.
You visited 1 branch of the dungeon, and saw 3 of its levels.

You collected 230 gold pieces.

Inventory:

Hand Weapons
 g - a +0 short sword
 i - a +3 mace of protection (weapon)
Missiles
 o - 12 poisoned darts
Jewellery
 d - a ring of stealth (left tentacle)
 n - an amulet of reflection (around mantle)
Wands
 e - a wand of digging (3)
Scrolls
 b - 2 scrolls of identify
 c - 2 scrolls of immolation {unknown}
 f - 3 scrolls of remove curse
 m - a scroll of enchant armour {unknown}
Potions
 a - 3 potions of degeneration


   Skills:
 + Level 1.0 Fighting
 + Level 1.8 Maces & Flails
 + Level 2.5 Dodging
 + Level 5.0 Stealth
 + Level 0.2 Shields
 + Level 2.8 Spellcasting
 * Level 2.4 Conjurations
 * Level 4.3 Fire Magic


You had one spell level left.
You knew the following spells:

 Your Spells              Type           Power        Failure   Level
a - Foxfire               Conj/Fire      60%          3%          1
b - Conjure Flame         Conj/Fire      15%          12%         3
c - Inner Flame           Hex/Fire       11%          19%         3
d - Searing Ray           Conj           24%          9%          2

Your spell library contained the following spells:

 Spells                   Type           Power        Failure   Level
 Magic Dart               Conj           48%          5%          1
 Dazzling Flash           Conj/Hex       14%          28%         3
 Sticky Flame             Conj/Fire      15%          36%         4
 Fulminant Prism          Conj/Hex       3%           67%         4
 Iskenderun's Mystic Bla  Conj/Tloc      7%           67%         4
 Fireball                 Conj/Fire      7%           71%         5


Dungeon Overview and Level Annotations

Branches:
Dungeon (3/15)

Altars:
Hepliaklqana
Nemelex Xobeh

Annotations:
D:3 Grinder


Innate Abilities, Weirdness & Mutations

You cannot wear most types of armour.
You are very stealthy in the water. (Stealth+)
You are amphibious.
You can wear up to eight rings at the same time.
You can use your tentacles to constrict eight enemies at once.
Your skin changes colour to match your surroundings (Stealth+).
Your rubbery body absorbs attacks. (AC +1, EV +1)
You are partially covered in thin metallic scales. (AC +2)
Your body sometimes deteriorates upon taking damage.


Message History

You thump Grinder!
Your weapon exudes an aura of protection.
Your grab misses Grinder. You squeeze Grinder.
Grinder is moderately wounded.
Grinder hits you but does no damage. Grinder closely misses you.
You closely miss Grinder. You grab Grinder. You squeeze Grinder.
Grinder is moderately wounded.
You constrict Grinder.
Grinder blinks free!
You closely miss Grinder. Your grab misses Grinder.
Your squeeze misses Grinder.
Grinder is heavily wounded.
Grinder misses you.
You closely miss Grinder. You grab Grinder.
Grinder is heavily wounded.
You constrict Grinder, but do no damage.
Grinder hits you!
* * * LOW HITPOINT WARNING * * *
Grinder gestures at you. Pain shoots through your body!
You die...

.
#...####..#....#
##.. #...#...##
#..###.#.#...# .
..........#
##....#...# ####
#..###...# .....
#..# #...#
......##..###...#
#...@........#
#......5......##
#.###.#.#######
#.#.# ....#
.....# ......#
.#.....#


You could see Grinder.

Vanquished Creatures
  Sigmund (D:3)
  Jessica (D:3)
  Natasha (thrice) (D:3)
  2 adders (D:2)
  A worm (D:2)
  3 dart slugs
  A leopard gecko (D:1)
  5 bats
  4 giant cockroaches
  3 goblins
  7 hobgoblins
  A quokka (D:3)
  2 ball pythons
  2 frilled lizards
  4 kobolds
  9 rats
49 creatures vanquished.

Vanquished Creatures (others)
  93 foxfires
93 creatures vanquished.

Grand Total: 142 creatures vanquished

Notes
Turn   | Place    | Note
-------+----------+-------------------------------------------
     0 | D:1      | Conn the Octopode Fire Elementalist began the quest for the
                  | Orb.
     0 | D:1      | Reached XP level 1. HP: 11/11 MP: 3/3
   278 | D:1      | Reached XP level 2. HP: 15/17 MP: 0/5
   409 | D:1      | Reached skill level 3 in Stealth
   944 | D:2      | Reached XP level 3. HP: 21/21 MP: 6/6
   949 | D:2      | Learned a level 3 spell: Conjure Flame
  1529 | D:2      | Found a sparkling altar of Nemelex Xobeh.
  1967 | D:3      | Reached XP level 4. HP: 27/27 MP: 5/7
  1992 | D:3      | Noticed Sigmund
  2268 | D:3      | Noticed Grinder
  2325 | D:2      | Learned a level 3 spell: Inner Flame
  2362 | D:3      | Found a hazy altar of Hepliaklqana.
  2381 | D:3      | Noticed Natasha
  2389 | D:3      | Killed Natasha
  2390 | D:3      | Reached skill level 4 in Stealth
  2394 | D:3      | Noticed Natasha
  2410 | D:3      | HP: 1/27 [Natasha (8)]
  2412 | D:3      | Gained mutation: Your body sometimes deteriorates upon
                  | taking damage. [potion of mutation]
  2412 | D:3      | Gained mutation: You are partially covered in thin metallic
                  | scales. (AC +2) [potion of mutation]
  2419 | D:3      | Killed Natasha
  2489 | D:3      | Reached XP level 5. HP: 32/32 MP: 5/9
  2570 | D:3      | Noticed Natasha
  2580 | D:3      | Killed Natasha
  2581 | D:3      | Reached skill level 1 in Maces & Flails
  2665 | D:3      | Killed Sigmund
  2666 | D:3      | Reached skill level 1 in Fighting
  2666 | D:3      | Reached XP level 6. HP: 25/38 MP: 0/10
  2785 | D:3      | Learned a level 2 spell: Searing Ray
  2797 | D:3      | Noticed Jessica
  2801 | D:3      | Killed Jessica
  2802 | D:3      | Reached skill level 5 in Stealth
  2863 | D:3      | Paralysed by Grinder for 7 turns
  2873 | D:3      | HP: 1/38 [Grinder (7)]
  2873 | D:3      | Killed from afar by Grinder

Illustrated notes

Levels and vault maps discovered:
D:1:      amcnicky_arrival_gap_in_the_tavern_cellar, layout_rooms, minivault_11,
          st_stairs_11
D:2:      layout_basic, nemelex_spade_bored_becter
D:3:      layout_loops_ring, nzn_hepliaklqana_mist_gate, uniq_jessica,
          uniq_natasha, uniq_sigmund, uniq_grinder

Skill      XL: |  1  2  3  4  5  6 |
---------------+-------------------+-----
Stealth        | 3 4 5 |  5.0
Fire Magic     | 4 |  4.3
Maces & Flails | 1 |  1.8
Fighting       | 1 |  1.0
Conjurations   | 2 |  2.4
Dodging        | |  2.5
Shields        | |  0.2
Spellcasting   | |  2.8

Action                   |  1- 3 |  4- 6 || total
-------------------------+-------+-------++-------
Melee: Constrict         |     8 |    11 ||    19
       Unarmed           |     2 |       ||     2
       Short sword       |     5 |       ||     5
       Mace              |    24 |    27 ||    51
       Tentacles         |     3 |     6 ||     9
 Cast: Foxfire           |    32 |    20 ||    52
       Conjure Flame     |       |     1 ||     1
  Use: Scroll            |       |     7 ||     7
       Potion            |       |     6 ||     6
 Stab: Sleeping          |     4 |     3 ||     7
Armor: Skin              |     5 |     5 ||    10
Dodge: Dodged            |    33 |    23 ||    56
Block: Other             |       |    17 ||    17

Table legend: (Time is in decaauts)
 A = Elapsed time spent in this place.
 B = Non-inter-level travel time spent in this place.
 C = Inter-level travel time spent in this place.
 D = Time resting spent in this place.
 E = Time spent auto-exploring this place.
 F = Levels seen in this place.
 G = Mean time per level.
                   A        B        C        D        E       F      G
               +--------+--------+--------+--------+--------+-----+--------+
         Total |   2920 |   2885 |     35 |    397 |   1557 |   3 |  973.3 |
       Dungeon |   2920 |   2885 |     35 |    397 |   1557 |   3 |  973.3 |
               +--------+--------+--------+--------+--------+-----+--------+

Top non-repeatable levels by time:
     D:2: 1058 daAuts
     D:1: 939 daAuts
     D:3: 921 daAuts
